 Dungeon Crawl Stone Soup version 0.30-a0-25-gacc37e2db0 (webtiles) character file.

Game seed: 1839011710533010714

87421 Plasmagod the Fighter (level 15, -1/105 HPs)
             Began as a Gargoyle Fighter on Aug 25, 2022.
             Was an Elder of Ashenzari.
             Killed from afar by Roxanne (44 damage)
             ... with a crystal spear
             ... on level 1 of the Spider Nest.
             The game lasted 01:13:23 (26777 turns).

Plasmagod the Fighter (Gargoyle Fighter)           Turns: 26777, Time: 01:13:23

Health: -1/105     AC: 42    Str: 34    XL:     15   Next: 90%
Magic:  31/31      EV: 10    Int:  8    God:    Ashenzari [****..]
Gold:   1258       SH: 18    Dex:  8    Spells: 24/24 levels left

rFire   . . .      SeeInvis +    a - +5 spear (spect)
rCold   + . .      Faith    .    h - +1 kite shield of Supernal Knowledge {AC+3, Range, Fort} (curse)
rNeg    + . .      Spirit   .    K - +2 plate armour {rC+}
rPois   ∞          Reflect  +    i - +1 hat of the Bound Repose {Range, Cun} (curse)
rElec   +          Harm     .    f - +2 cloak "Behold Eternity" {Rampage MP+9 Str+2 Dex-3, Melee, Comp} (curse)
rCorr   +          Rampage  +    H - +0 pair of gloves "Vexation of Ashenzari" {Comp, Evo} (curse)
Will    +....      Clarity  +    s - +1 pair of boots "Gnostic Boredom" {Comp, Fort} (curse)
Stlth   ..........               z - amulet of reflection
HPRegen 0.27/turn                p - ring of the Chained Ordeal {Str+6, Fort, Self} (curse)
MPRegen 0.22/turn                C - ring of resist corrosion

@: flying
A: sickness immunity, AC +11, big wings, negative energy resistance 1,
electricity resistance, torment resistance 1, petrification resistance
a: Renounce Religion, Curse Item, Shatter the Chains


You were on level 1 of the Spider Nest.
You worshipped Ashenzari.
Ashenzari was greatly pleased with you.
You visited 4 branches of the dungeon, and saw 22 of its levels.
You also visited: Sewer and Bailey.

You collected 1893 gold pieces.
You spent 635 gold pieces at shops.

Inventory:

Hand Weapons
 a - a +5 spectral spear (weapon)
 x - a +5 bardiche
Missiles
 O - 2 javelins
 U - 5 silver javelins (quivered)
Armour
 f - the cursed +2 cloak "Behold Eternity" (worn) {Rampage MP+9 Str+2 Dex-3, Melee, Comp}
   (You found it on level 1 of the Lair of Beasts)

   Str:       It affects your strength (+2).
   Dex:       It affects your dexterity (-3).
   MP:        It affects your magic capacity (+9).
   Rampage:   It bestows one free step when moving towards enemies.
   It has a curse which improves the following skills: Melee Combat: Short
   Blades, Long Blades, Axes, Maces & Flails, Polearms, Staves and Unarmed
   Combat.
   Companions: Summonings and Necromancy.
 h - the cursed +1 kite shield of Supernal Knowledge (worn) {AC+3, Range, Fort}
   (You found it in a bailey)

   It has a curse which improves the following skills: Ranged Combat: Ranged
   Weapons and Throwing.
   Fortitude: Armour and Shields.
 i - the cursed +1 hat of the Bound Repose (worn) {Range, Cun}
   (You took it off Gastronok on level 3 of the Lair of Beasts)

   It has a curse which improves the following skills: Ranged Combat: Ranged
   Weapons and Throwing.
   Cunning:   Dodging and Stealth.
 s - the cursed +1 pair of boots "Gnostic Boredom" (worn) {Comp, Fort}
   (You found it on level 3 of the Dungeon)

   It has a curse which improves the following skills: Companions: Summonings
   and Necromancy.
   Fortitude: Armour and Shields.
 H - the cursed +0 pair of gloves "Vexation of Ashenzari" (worn) {Comp, Evo}
   (You found it on level 10 of the Dungeon)

   It has a curse which improves the following skills: Companions: Summonings
   and Necromancy.
   Evocations: Evocations.
 K - a +2 plate armour of cold resistance (worn)
Jewellery
 p - the cursed ring of the Chained Ordeal (left hand) {Str+6, Fort, Self}
   (You found it on level 2 of the Dungeon)

   [ring of strength]

   Str:       It affects your strength (+6).
   It has a curse which improves the following skills: Fortitude: Armour and
   Shields.
   Introspection: Fighting and Spellcasting.
 z - an amulet of reflection (around neck)
 C - a ring of resist corrosion (right hand)
 E - a +4 ring of evasion
 G - a ring of protection from fire
 J - a ring of ice
Wands
 j - a wand of flame (42)
 n - a wand of mindburst (34)
 t - a wand of roots (6)
 D - a wand of charming (11)
 I - a wand of light (5)
Scrolls
 b - 5 scrolls of vulnerability
 e - 4 scrolls of amnesia
 g - a scroll of acquirement
 l - 5 scrolls of enchant weapon
 o - 9 scrolls of teleportation
 q - a scroll of blinking
 r - 2 scrolls of butterflies
 v - 3 scrolls of summoning
 y - 4 scrolls of immolation
 L - 3 scrolls of magic mapping
 M - 6 scrolls of enchant armour
 P - a scroll of brand weapon
 R - 3 scrolls of silence
 Y - a scroll of fear
 Z - a scroll of poison
Potions
 c - 2 potions of ambrosia
 d - 4 potions of flight
 k - 11 potions of curing
 m - 7 potions of attraction
 u - 5 potions of magic
 w - 3 potions of mutation
 A - 4 potions of lignification
 B - 2 potions of invisibility
 Q - a potion of heal wounds
 T - 2 potions of cancellation
 V - a potion of berserk rage
 W - a potion of experience
 X - a potion of might
Miscellaneous
 F - a phantom mirror
 N - a box of beasts
 S - a condenser vane


   Skills:
 + Level 14.6(16.5) Fighting
 - Level 2.4(4.0) Maces & Flails
 + Level 9.3(11.2) Polearms
 - Level 2.1(4.3) Ranged Weapons
 + Level 6.1(9.1) Throwing
 + Level 12.1(15.9) Armour
 + Level 6.0(8.0) Dodging
 + Level 8.6(10.6) Stealth
 + Level 12.2(16.1) Shields
 + Level 3.4(5.2) Spellcasting
 + Level 6.1(10.0) Summonings
 - Level 5.0(8.7) Necromancy
 + Level 6.1(8.1) Evocations


You had 24 spell levels left.
You didn't know any spells.
Your spell library contained the following spells:

 Spells                   Type           Power      Damage    Failure   Level
 Summon Small Mammal      Summ           72%        N/A       3%          1
 Call Canine Familiar     Summ           18%        N/A       10%         3
 Summon Guardian Golem    Hex/Summ       10%        N/A       58%         3
 Apportation              Tloc           4%         N/A       88%         1
 Foxfire                  Conj/Fire      8%         2x1d4     88%         1
 Sandblast                Erth           4%         2d4       88%         1
 Animate Armour           Summ/Erth      20%        N/A       94%         4
 Passwall                 Tmut/Erth      1%         N/A       96%         2
 Conjure Flame            Conj/Fire      2%         6-21      99%         3
 Inner Flame              Hex/Fire       2%         N/A       99%         3
 Stone Arrow              Conj/Erth      4%         3d7       99%         3
 Flame Wave               Conj/Fire      2%         2d4       100%        4
 Alistair's Intoxication  Tmut/Pois      1%         N/A       100%        5
 Blade Hands              Tmut           1%         N/A       100%        5
 Fireball                 Conj/Fire      1%         3d3       100%        5
 Summon Forest            Summ/Tloc      5%         N/A       100%        5
 Eringya's Noxious Bog    Tmut/Pois      1%         N/A       100%        6
 Iron Shot                Conj/Erth      1%         9d1       100%        6
 Starburst                Conj/Fire      1%         6d3       100%        6
 Summon Hydra             Summ           9%         N/A       100%        7
 Ignition                 Fire           1%         3d3       100%        8


Dungeon Overview and Level Annotations

Branches:
Dungeon (15/15)            Temple (1/1) D:4            Lair (5/5) D:9
 Shoals (0/4) Lair:2       Spider (1/4) Lair:2        Slime (0/5) Lair:5
    Orc (0/2) D:11         Vaults (0/5) D:14         Depths (0/4) D:15
  Sewer (visited)          Bailey (visited)

Altars:
Ashenzari
Cheibriados
Dithmenos
Elyvilon
Fedhas
Gozag
Hepliaklqana
Kikubaaqudgha
Makhleb
Nemelex Xobeh
Okawaru
Qazlal
Ru
Sif Muna
Trog
Uskayaw
Vehumet
Wu Jian
Xom
Yredelemnul
Zin
The Shining One
Jiyva

Shops:
D:3 (   D:5 !   D:10 *   D:14 *[(

Portals:
Trove: D:10 (give +3 ice dragon scales)

Annotations:
D:3 1 runed translucent door, Crazy Yiuf
Lair:1 3 runed translucent doors, Araneus's ghost, journeyman DsFi
Spider:1 Roxanne


Innate Abilities, Weirdness & Mutations

You are immune to sickness and miasma.
Your stone body is resilient. (AC +11)
You are immune to poison.
Your large and strong wings let you fly.
You resist negative energy. (rN+)
You are resistant to electric shocks. (rElec)
You are resistant to unholy torment.
You are immune to petrification.


Message History

You puncture Roxanne!
Roxanne is moderately damaged.
Your +5 spectral spear hits Roxanne!
Roxanne says, "Come nearer, honey, I don't have a heart of stone."
Roxanne mumbles some strange words.
The iron shot hits you!
You are too injured to fight recklessly!
You are too injured to fight recklessly!
You are too injured to fight recklessly!
You hit Roxanne but do no damage.
Roxanne is heavily damaged.
Your +5 spectral spear hits Roxanne but does no damage.
You hit Roxanne but do no damage.
Roxanne is heavily damaged.
Your +5 spectral spear hits Roxanne but does no damage.
You hit Roxanne but do no damage.
Roxanne is heavily damaged.
Your +5 spectral spear hits Roxanne!
You hit Roxanne but do no damage.
Roxanne is heavily damaged.
Your +5 spectral spear hits Roxanne but does no damage.
You hit Roxanne but do no damage.
Roxanne is heavily damaged.
Your +5 spectral spear hits Roxanne but does no damage.
Your +5 spectral spear fades away.
You puncture Roxanne!
Roxanne is heavily damaged.
Your +5 spectral spear hits Roxanne but does no damage.
You hit Roxanne but do no damage.
Roxanne is heavily damaged.
Your +5 spectral spear hits Roxanne!
You puncture Roxanne!
Roxanne is severely damaged.
Your +5 spectral spear hits Roxanne!
You puncture Roxanne!
Roxanne is severely damaged.
Your +5 spectral spear hits Roxanne but does no damage.
Roxanne mumbles some strange words.
The crystal spear hits you!!!
You die...

#### #..### #.(.?# #.....
#### ### ##....
#..####.#####... *
####...#.....###... , ##
##................. *
,...#.@8(.....>........
*...................†....
*#.........^.#...#.#.....
*
...........##..######..^
..........########..##..
**....##....## #....#..
...# ###..# ##...... #.#
#### ##...... * ####.....


You could see Roxanne and a friendly +5 spectral spear (summoned).

Vanquished Creatures
  Jorgrun (Spider:1)
  Frances (Spider:1)
  Agnes (Spider:1)
  Gastronok (Lair:3)
  Snorg (D:13)
  9 hydras
  4 catoblepae
  An ogre mage (D:14)
  2 vault guards (D:14)
  A jorogumo (Spider:1)
  5 boulder beetles
  3 centaur warriors
  A radroach (Spider:1)
  14 death yaks
  Erica (D:9)
  A two-headed ogre (D:13)
  A titan zombie (D:15)
  A golden dragon zombie (D:15)
  3 skeletal warriors
  A steelbarb worm (Spider:1)
  3 orb spiders (Spider:1)
  A phantasmal warrior (D:15)
  A necromancer (D:15)
  An orc knight (D:15)
  A sphinx zombie (D:15)
  A wizard (D:14)
  5 wolf spiders (Spider:1)
  3 deep elf pyromancers
  4 manticores
  A fire giant zombie (D:15)
  7 ugly things (D:14)
  7 elephants
  4 black mambas
  An ice statue (D:10)
  8 cane toads
  A gargoyle (D:10)
  Maggie (D:9)
  3 torpor snails
  3 demonic crawlers (Spider:1)
  A kobold demonologist (D:10)
  4 rime drakes
  2 efreet (D:14)
  A yaktaur (D:15)
  5 komodo dragons
  8 trolls
  2 guardian mummies
  A meliai (Lair:1)
  A polar bear (Lair:3)
  Grinder (D:4)
  2 dream sheep (Lair:2)
  11 blink frogs
  3 slime creatures (D:14)
  A vampire (D:9)
  5 jumping spiders (Spider:1)
  59 yaks
  Eustachio (D:6)
  Sigmund (D:4)
  2 wyverns
  2 wraiths
  2 steam dragons
  2 basilisks
  2 humans (D:14)
  9 redbacks (Spider:1)
  6 vampire mosquitoes
  17 water moccasins
  2 acid dragons
  A swamp worm (D:8)
  Duvessa (D:4)
  Pargi (Sewer)
  An ice beast (D:7)
  17 orc warriors
  A black bear (D:6)
  5 centaurs
  5 boggarts (D:14)
  A phantom (D:6)
  A kobold brigand (D:9)
  10 bullfrogs
  A necrophage (D:5)
  A gnoll sergeant (D:11)
  2 scorpions
  4 wights (D:10)
  Dowan (D:4)
  11 killer bees
  An electric eel (Lair:2)
  4 howler monkeys
  9 orc priests
  5 jellies
  8 hounds
  5 iguanas
  18 orc wizards
  A boggart simulacrum (D:14)
  6 gnolls
  13 adders
  2 river rats (D:4)
  An ufetubus (D:4)
  4 worms (D:4)
  3 dart slugs
  49 orcs
  10 endoplasms
  2 giant cockroaches
  10 goblins
  2 hobgoblins
  4 jackals (D:1)
  5 quokkas
  4 ball pythons
  6 bats
  5 frilled lizards
  15 kobolds
  15 rats
  A spectral orc (D:5)
534 creatures vanquished.

Vanquished Creatures (collateral kills)
  2 vault guards (D:14)
  2 skeletal warriors (D:13)
  An orc knight (D:14)
  A wolf spider (Spider:1)
  A snapping turtle (Lair:2)
  A culicivora (Spider:1)
  A redback (Spider:1)
9 creatures vanquished.

Vanquished Creatures (others)
  Nessos (Lair:5)
  A kobold brigand (D:4)
  16 fungi
  17 plants
35 creatures vanquished.

Grand Total: 578 creatures vanquished

Notes
Turn   | Place    | Note
-------+----------+-------------------------------------------
     0 | D:1      | Plasmagod the Gargoyle Fighter began the quest for the Orb.
     0 | D:1      | Reached XP level 1. HP: 14/14 MP: 1/1
   314 | D:1      | Reached XP level 2. HP: 19/19 MP: 2/2
   983 | D:1      | Reached XP level 3. HP: 21/24 MP: 3/3
  1018 | D:1      | Found a faded altar of an unknown god.
  1406 | D:2      | Reached skill level 4 in Fighting
  1523 | D:2      | Reached XP level 4. HP: 29/29 MP: 4/4
  2168 | D:3      | Reached skill level 5 in Fighting
  2314 | D:3      | Found Nent's Weapon Boutique.
  2323 | D:3      | Reached XP level 5. HP: 35/35 MP: 5/5
  2393 | D:3      | Found a white marble altar of Elyvilon.
  2768 | D:3      | Found a runed translucent door.
  2769 | D:3      | Noticed Crazy Yiuf
  3065 | D:4      | Found a staircase to the Ecumenical Temple.
  3071 | Temple   | Entered the Ecumenical Temple
  3117 | Temple   | Became a worshipper of Ashenzari the Shackled
  3164 | D:4      | Noticed Dowan
  3164 | D:4      | Noticed Duvessa
  3182 | D:4      | Killed Duvessa
  3183 | D:4      | Reached skill level 6 in Fighting
  3183 | D:4      | Reached XP level 6. HP: 21/42 MP: 6/6
  3193 | D:4      | Killed Dowan
  3194 | D:4      | Reached skill level 7 in Fighting
  3313 | D:4      | Found a glowing drain.
  3460 | Sewer    | Entered a sewer
  3482 | Sewer    | Noticed Pargi
  3500 | Sewer    | Killed Pargi
  3501 | Sewer    | Reached skill level 8 in Fighting
  3501 | Sewer    | Reached XP level 7. HP: 14/49 MP: 7/7
  4094 | D:4      | Noticed Sigmund
  4218 | D:4      | Killed Sigmund
  4219 | D:4      | Reached skill level 9 in Fighting
  4376 | D:4      | Noticed Grinder
  4379 | D:4      | Paralysed by Grinder for 5 turns
  4395 | D:4      | Killed Grinder
  4396 | D:4      | Reached XP level 8. HP: 38/57 MP: 8/8
  4633 | D:3      | Reached skill level 10 in Fighting
  5008 | D:5      | Entered Level 5 of the Dungeon
  5163 | D:5      | Reached skill level 11 in Fighting
  5166 | D:5      | Found an ornate altar of the Wu Jian Council.
  5232 | D:5      | Found Ihuwied's Distillery.
  5522 | D:5      | Found a basalt altar of Yredelemnul.
  6137 | D:6      | Reached skill level 12 in Fighting
  6145 | D:6      | Reached XP level 9. HP: 50/65 MP: 9/9
  6366 | D:6      | Noticed Eustachio
  6373 | D:6      | Killed Eustachio
  6401 | D:6      | Reached skill level 13 in Fighting
  6656 | D:6      | Found a glowing silver altar of Zin.
  6738 | D:6      | Found an opulent altar of Gozag.
  6738 | D:6      | Found an ancient bone altar of Kikubaaqudgha.
  6742 | D:6      | Found an iron altar of Okawaru.
  6742 | D:6      | Found a sacrificial altar of Ru.
  7551 | D:7      | Reached skill level 14 in Fighting
  8073 | D:8      | Found a flagged portal.
  8097 | Bailey   | Entered a bailey
  8119 | Bailey   | Reached skill level 5 in Armour
  8132 | Bailey   | Reached skill level 5 in Shields
  8132 | Bailey   | Reached XP level 10. HP: 35/75 MP: 10/10
  8426 | Bailey   | Reached skill level 1 in Polearms
  9421 | D:9      | Noticed a death yak
  9423 | D:9      | Noticed a death yak
  9423 | D:9      | Noticed a death yak
  9424 | D:9      | Found a staircase to the Lair.
  9424 | D:9      | Noticed a death yak
  9424 | D:9      | Noticed a death yak
  9424 | D:9      | Noticed a death yak
  9537 | D:9      | Killed a death yak
  9549 | D:9      | Killed a death yak
  9572 | D:9      | Killed a death yak
  9585 | D:9      | Killed a death yak
  9586 | D:9      | Reached XP level 11. HP: 18/80 MP: 11/11
  9872 | D:9      | Killed a death yak
  9873 | D:9      | Reached skill level 5 in Polearms
  9878 | D:9      | Killed a death yak
 10193 | D:9      | Noticed Erica
 10201 | D:9      | Killed Erica
 10450 | D:9      | Found a shimmering blue altar of Sif Muna.
 10570 | D:9      | Noticed Maggie
 10582 | D:9      | Killed Maggie
 10672 | D:9      | Found a shadowy altar of Dithmenos.
 11023 | D:10     | Entered Level 10 of the Dungeon
 11181 | D:10     | Found Lieske Manki's Assorted Antiques.
 11234 | D:10     | Found a portal to a secret trove of treasure.
 11746 | D:10     | Reached * piety under Ashenzari
 12219 | D:11     | Reached skill level 1 in Stealth
 12224 | D:11     | Reached skill level 1 in Summonings
 12345 | D:11     | Found a staircase to the Orcish Mines.
 12359 | D:11     | Reached skill level 1 in Dodging
 12388 | D:11     | Reached skill level 1 in Necromancy
 12422 | D:10     | Reached XP level 12. HP: 52/85 MP: 12/12
 12695 | D:11     | Reached ** piety under Ashenzari
 13505 | D:12     | Reached skill level 1 in Ranged Weapons
 13891 | D:12     | Noticed a boulder beetle
 13916 | D:12     | Killed a boulder beetle
 14161 | Lair:1   | Entered Level 1 of the Lair of Beasts
 14335 | Lair:1   | Reached skill level 1 in Throwing
 14340 | Lair:1   | Reached skill level 1 in Evocations
 14347 | Lair:1   | Reached skill level 10 in Shields
 14358 | Lair:1   | Reached skill level 10 in Armour
 14534 | Lair:1   | Identified the +2 cloak "Xityfew" {Rampage MP+9 Str+2
                  | Dex-3}
 14537 | Lair:1   | Found a runed translucent gate.
 14611 | Lair:1   | Found a runed translucent gate.
 14611 | Lair:1   | Found a runed translucent gate.
 14616 | Lair:1   | Noticed Araneus's ghost (journeyman DsFi)
 14634 | Lair:1   | Identified the +8 dagger of the Last Geomancers {freeze,
                  | rElec}
 15138 | Lair:2   | Found a hole to the Spider Nest.
 15413 | Lair:2   | Noticed a catoblepas
 15421 | Lair:2   | Killed a catoblepas
 15632 | Lair:2   | Found a staircase to the Shoals.
 15770 | Lair:2   | Reached XP level 13. HP: 90/90 MP: 13/13
 16149 | Lair:3   | Noticed Gastronok
 16161 | Lair:3   | Reached skill level 5 in Stealth
 16444 | Lair:3   | Killed Gastronok
 17916 | Lair:3   | Gained mutation: Your large and strong wings let you fly.
                  | [Gargoyle growth]
 17916 | Lair:3   | Reached XP level 14. HP: 41/96 MP: 14/14
 19319 | Lair:5   | Entered Level 5 of the Lair of Beasts
 19447 | Lair:5   | Reached skill level 5 in Summonings
 19531 | Lair:5   | Identified a scroll of acquirement
 20293 | Lair:5   | Reached *** piety under Ashenzari
 20339 | Lair:5   | Found a viscous altar of Jiyva.
 20340 | Lair:5   | Found a staircase to the Slime Pits.
 20454 | Lair:5   | Noticed Nessos
 20460 | Lair:5   | Killed Nessos
 20713 | Lair:5   | Reached **** piety under Ashenzari
 21469 | D:13     | Reached skill level 5 in Dodging
 21737 | D:13     | Reached skill level 1 in Spellcasting
 22020 | D:13     | Noticed Snorg
 22029 | D:13     | Killed Snorg
 22030 | D:13     | Reached skill level 5 in Necromancy
 22347 | D:13     | Reached skill level 5 in Evocations
 22534 | D:14     | Found Tyenk's Armour Shop.
 22546 | D:14     | Reached skill level 5 in Throwing
 22567 | D:14     | Bought a +2 plate armour of cold resistance for 440 gold
                  | pieces
 22623 | D:14     | Found Qoomips's Antique Weapon Boutique.
 22629 | D:14     | Bought a bloodstained trident for 195 gold pieces
 22629 | D:14     | Identified the +4 trident of Tumult {chaos, Int+3} (You
                  | bought it in a shop on level 14 of the Dungeon)
 22926 | D:14     | Found Soudghap's General Store.
 23288 | D:14     | Reached XP level 15. HP: 104/104 MP: 19/19
 23682 | D:14     | Found a gate to the Vaults.
 24186 | D:15     | Entered Level 15 of the Dungeon
 24266 | D:15     | Found a staircase to the Depths.
 24811 | D:15     | Found a radiant altar of Vehumet.
 25451 | Spider:1 | Entered Level 1 of the Spider Nest
 26007 | Spider:1 | Noticed Agnes
 26007 | Spider:1 | Noticed Jorgrun
 26019 | Spider:1 | Killed Agnes
 26036 | Spider:1 | Killed Jorgrun
 26386 | Spider:1 | Noticed Frances
 26399 | Spider:1 | Killed Frances
 26638 | Spider:1 | Identified Roxanne's Lectures on Transformation
 26638 | Spider:1 | Noticed Roxanne
 26777 | Spider:1 | Killed from afar by Roxanne

Illustrated notes

Levels and vault maps discovered:
D:1:      shiori_arrival_elements, layout_loops_ring,
          hellmonk_ecumenical_altar_run_dry, hangedman_feature_mirror
D:2:      layout_basic, grunt_ministairs_2, st_stairs_6,
          kennysheep_generic_room_13
D:3:      layout_rooms, elyvilon_altar_1, serial_shops, nicolae_shop_waterfront,
          uniq_crazy_yiuf_cottage
D:4:      layout_loops_cross, minmay_temple_entry_mist,
          lightli_sewer_entry_pipes, nrook_mini_vaults, uniq_grinder,
          uniq_duvessa, uniq_sigmund
D:5:      layout_cave_pools, lemuel_crystal_altar,
          yredelemnul_forgotten_temple_becter, serial_shops, shop
D:6:      layout_rooms, mainiacjoe_overflow_cross_hatched,
          mainiacjoe_overflow_alcove_3, nrook_loot_triangle, uniq_eustachio
D:7:      layout_layer_cave
D:8:      layout_loops_corners, enter_bailey_6, worms_lemuel
D:9:      layout_loops_corners, lemuel_coloured_pillars_altar,
          nicolae_dithmenos_through_a_glass_darkly, dpeg_lair_monsters,
          uniq_maggie, uniq_erica
D:10:     layout_loops_cross, serial_shops, shop,
          nicolae_trove_entry_path_of_doom, minivault_5, minivault_16,
          st_stairs_3
D:11:     layout_stronghold, orc_0_dummy
D:12:     layout_loops_cross, minmay_misc_feat_cross
D:13:     layout_cave_pods, uniq_snorg
D:14:     layout_long_grid, grunt_vaults_entry_fortified, serial_shops,
          nicolae_square_shop, shop, shop, solitary_fountain,
          nrook_mini_backslash
D:15:     gammafunk_depths_entry_grave, layout_basic, basic_altar,
          minmay_misc_feat_nine_boxes
Temple:   minmay_temple_bridge_abc
Lair:1:   layout_cave_shapes, gammafunk_ghost_split
Lair:2:   nzn_winding_woodlands_small [nzn_winding_woodlands_5x15_eye,
          nzn_winding_woodlands_center_pierced_h,
          nzn_winding_woodlands_5x15_sawtooth], layout_concentric_octagons,
          minmay_shoals_entry_hut, hellmonk_spider_entry_not_the_bees,
          serial_bayou_shore_b
Lair:3:   layout_misc_corridors, eino_small_chamber_without_monster,
          chequers_serial_rivers_room_b, st_stairs_9, uniq_gastronok
Lair:4:   layout_small_grid
Lair:5:   evilmike_catoblepas_cave, layout_gridlike,
          nicolae_slime_entry_slimehenge, chequers_serial_rivers_micro_e,
          minivault_24, uniq_nessos
Spider:1: layout_spider_delve, uniq_frances, uniq_jorgrun, uniq_roxanne,
          uniq_agnes

Skill      XL: |  1  2  3  4  5  6  7  8  9 10 11 12 13 14 15 |
---------------+----------------------------------------------+-----
Fighting       | 4 5 6 8 9 12 14 | 14.6
Armour         | 5 7 9 10 11 12 | 12.1
Shields        | 5 7 9 10 11 12 | 12.2
Polearms       | 4 6 7 8 9 |  9.3
Stealth        | 2 4 6 7 8 |  8.6
Summonings     | 1 3 4 5 6 |  6.1
Dodging        | 1 3 4 5 6 |  6.0
Necromancy     | 1 3 4 5 |  5.0
Ranged Weapons | 2 |  2.1
Throwing       | 2 4 5 6 |  6.1
Evocations     | 2 4 5 6 |  6.1
Spellcasting   | 1 3 |  3.4
Maces & Flails | |  2.4

Action                   |  1- 3 |  4- 6 |  7- 9 | 10-12 | 13-15 || total
-------------------------+-------+-------+-------+-------+-------++-------
Melee: Flail             |    67 |       |       |       |       ||    67
       Spear             |    50 |   225 |   306 |   550 |  1162 ||  2293
Throw: Javelin           |       |       |    20 |    36 |    17 ||    73
       Throwing net      |       |       |       |     2 |       ||     2
Invok: Curse Item        |       |       |     1 |     3 |     3 ||     7
       Shatter the Chain |       |       |       |       |     1 ||     1
Evoke: Wand              |       |       |       |     6 |    14 ||    20
       Box of beasts     |       |       |       |     1 |     2 ||     3
       Phantom mirror    |       |       |       |       |     3 ||     3
       Condenser vane    |       |       |       |       |     2 ||     2
  Use: Potion            |       |     1 |       |     4 |     2 ||     7
       Scroll            |       |       |    19 |     2 |     2 ||    23
 Stab: Distracted        |       |       |     2 |     7 |    19 ||    28
       Petrified         |       |       |       |       |     6 ||     6
       Petrifying        |       |       |       |       |     1 ||     1
Armor: Scale mail        |    35 |       |       |       |       ||    35
       Chain mail        |    44 |   132 |   149 |     8 |       ||   333
       Plate armour      |       |       |       |   159 |   414 ||   573
Dodge: Dodged            |    49 |    49 |    87 |    85 |   182 ||   452
Block: Buckler           |    35 |    46 |   113 |    17 |       ||   211
       Reflection        |       |       |     3 |     3 |    29 ||    35
       Kite shield       |       |       |       |   293 |   681 ||   974

Table legend: (Time is in decaauts)
 A = Elapsed time spent in this place.
 B = Non-inter-level travel time spent in this place.
 C = Inter-level travel time spent in this place.
 D = Time resting spent in this place.
 E = Time spent auto-exploring this place.
 F = Levels seen in this place.
 G = Mean time per level.
                   A        B        C        D        E       F      G
               +--------+--------+--------+--------+--------+-----+--------+
         Total |  26667 |  25759 |    908 |   2820 |  18680 |  24 | 1111.1 |
       Dungeon |  17527 |  16856 |    671 |   1340 |  12786 |  15 | 1168.5 |
        Temple |     81 |     47 |     34 |      0 |     32 |   1 |   81.0 |
          Lair |   6774 |   6572 |    202 |   1199 |   4435 |   5 | 1354.8 |
   Spider Nest |   1237 |   1237 |      0 |      0 |    973 |   1 | 1237.0 |
         Sewer |    364 |    364 |      0 |      0 |    309 |   1 |  364.0 |
        Bailey |    682 |    682 |      0 |    281 |    145 |   1 |  682.0 |
               +--------+--------+--------+--------+--------+-----+--------+

Top non-repeatable levels by time:
    D:14: 1614 daAuts
  Lair:5: 1601 daAuts
    D:10: 1600 daAuts
  Lair:3: 1529 daAuts
     D:9: 1437 daAuts
     D:4: 1378 daAuts
  Lair:2: 1332 daAuts
    D:13: 1237 daAuts
Spider:1: 1237 daAuts
  Lair:4: 1231 daAuts
     D:7: 1179 daAuts
     D:3: 1149 daAuts
     D:1: 1119 daAuts
    D:15: 1110 daAuts
    D:11: 1082 daAuts
